 Dungeon Crawl Stone Soup version 0.17.1-1-g73c8601 (webtiles) character file.

391 lucasterio the Cudgeler (level 6, -7/49 HPs)
             Began as a Demonspawn Berserker on Dec 26, 2015.
             Was a Priest of Trog.
             Mangled by a gnoll shaman
             ... wielding a +0 spear
              (8 damage)
             ... on level 4 of the Dungeon.
             The game lasted 00:11:43 (3094 turns).

lucasterio the Cudgeler (Demonspawn Berserker)      Turns: 3094, Time: 00:11:43

Health: -7/49      AC:  9    Str: 19      XL:     6   Next: 50%
Magic:  6/6        EV: 11    Int:  9      God:    Trog [***...]
Gold:   241        SH:  0    Dex: 11 (12) Spells: 0 memorised, 5 levels left

rFire  . . .     SeeInvis .     a - +0 mace
rCold  . . .     Clarity  .     o - +0 ring mail (curse)
rNeg   . . .     SustAt   .     (no shield)
rPois  .         Gourm    .     v - +0 helmet
rElec  .         Spirit   .     (no cloak)
rCorr  .         Warding  .     (no gloves)
rMut   .         Stasis   .     (no boots)
MR     .....                    (no amulet)
Stlth  +.........               (no ring)
                                (no ring)

@: not resistant to hostile enchantments, very unstealthy
A: claws 1, rugged brown scales 2
a: Berserk, Trog's Hand, Burn Spellbooks, Renounce Religion


You were on level 4 of the Dungeon.
You worshipped Trog.
Trog was most pleased with you.
You were not hungry.

You visited 1 branch of the dungeon, and saw 4 of its levels.

You collected 241 gold pieces.

Inventory:

Hand Weapons
 a - a +0 mace (weapon)
 m - a +0 hunting sling
 D - a +2 antimagic whip
Missiles
 x - 3 tomahawks (quivered)
 E - a throwing net
Armour
 e - a +0 scale mail
 n - a +0 plate armour
 o - a cursed +0 ring mail (worn)
 v - a +0 helmet (worn)
 A - a +0 shield
Wands
 q - a wand of slowing (23)
 y - a wand of random effects (21)
Scrolls
 g - a scroll of recharging {unknown}
 h - 2 scrolls of magic mapping {unknown}
 i - 5 scrolls of identify {unknown}
 l - a scroll of fog {unknown}
 p - 3 scrolls of remove curse {unknown}
 r - a scroll of enchant weapon {unknown}
 s - 2 scrolls of teleportation {unknown}
 w - 2 scrolls of amnesia {unknown}
Potions
 d - a potion of curing {unknown}
 k - a potion of resistance {unknown}
 u - a potion of lignification {unknown}
 C - a potion of agility {unknown}
Comestibles
 b - 9 chunks of flesh
 c - 5 bread rations
 f - a royal jelly
 j - 2 slices of pizza
 z - 2 fruits


   Skills:
 - Level 3.2 Fighting
 * Level 5.3 Maces & Flails
 + Level 3.9 Armour
 - Level 2.2 Dodging


You had 5 spell levels left.
You didn't know any spells.

Dungeon Overview and Level Annotations

Branches:
Dungeon (4/15)
 Temple: D:4-7

Altars:


Innate Abilities, Weirdness & Mutations

You have sharp fingernails.
You are mostly covered in rugged brown scales (AC +2, +5% HP).


Message History

You hit the gnoll shaman but do no damage.
The gnoll shaman is heavily wounded.
The gnoll shaman prays to its god.
The gnoll shaman is healed somewhat.
The gnoll shaman hits you but does no damage.
You closely miss the gnoll shaman.
The gnoll shaman is moderately wounded.
The gnoll shaman barely misses you.
You barely miss the gnoll shaman.
The gnoll shaman is moderately wounded.
The gnoll shaman hits you with a spear!
* * * LOW HITPOINT WARNING * * *
Drink which item? (? for menu, Esc to quit)
It was a potion of magic.
Magic courses through your body. The gnoll shaman barely misses you.
Drink which item? (? for menu, Esc to quit)
It was a potion of cure mutation.
It has a very clean taste.
The gnoll shaman misses you.
The gnoll shaman hits you from afar with a spear!
You die...

#.#.# ..#.# #.#
##.# ## #..# .#
#g## ## #g# #.#
#.# #.# #.# #@#
#.# #.# #.# #.#
#.# #.# #.# #.#
#.# ##.#### #.#
#.# .....)## #.#
#.#
.....>.####.####.#
##.#.#))....[....#
#.#...###########


You could see a gnoll shaman and a gnoll.

Vanquished Creatures
  An ogre (D:4)
  A quasit (D:3)
  A giant frog skeleton (D:3)
  Robin (D:4)
  5 gnolls (D:4)
  10 adders
  2 oozes
  A giant gecko (D:2)
  5 orcs (D:3)
  A ball python (D:1)
  4 giant cockroaches
  9 goblins
  7 hobgoblins
  6 jackals
  A quokka (D:2)
  10 bats
  9 kobolds
  15 rats
  A fungus (D:1)
90 creatures vanquished.

Notes
Turn   | Place    | Note
--------------------------------------------------------------
     0 | D:1      | lucasterio the Demonspawn Berserker began the quest for the Orb.
     0 | D:1      | Reached XP level 1. HP: 18/18 MP: 1/1
   493 | D:1      | Gained mutation: You are partially covered in rugged brown scales (AC +1, +3% HP). [demonic ancestry]
   493 | D:1      | Reached XP level 2. HP: 15/24 MP: 2/2
   781 | D:1      | Reached ** piety under Trog
  1015 | D:1      | Gained mutation: You have sharp fingernails. [demonic ancestry]
  1015 | D:1      | Reached XP level 3. HP: 29/29 MP: 3/3
  1727 | D:2      | Reached XP level 4. HP: 33/36 MP: 4/4
  2003 | D:3      | Reached skill level 4 in Maces & Flails
  2008 | D:3      | Reached *** piety under Trog
  2108 | D:3      | Gained mutation: You are mostly covered in rugged brown scales (AC +2, +5% HP). [demonic ancestry]
  2108 | D:3      | Reached XP level 5. HP: 19/43 MP: 5/5
  2831 | D:4      | Noticed an ogre
  2841 | D:4      | Killed an ogre
  2841 | D:4      | Reached skill level 5 in Maces & Flails
  2841 | D:4      | Reached XP level 6. HP: 49/49 MP: 6/6
  2946 | D:4      | Noticed Robin
  2955 | D:4      | Killed Robin
  3091 | D:4      | HP: 1/49 [gnoll shaman/spear (7)]
  3094 | D:4      | Mangled by a gnoll shaman

Action                   |  1- 3 |  4- 6 || total
-------------------------+-------+-------++-------
Melee: Mace              |   203 |   188 ||   391
Invok: Berserk           |     1 |     2 ||     3
Evoke: Wand              |       |     1 ||     1
  Use: Potion            |       |     2 ||     2
  Eat: Chunk             |     4 |     5 ||     9
       Beef jerky        |       |     1 ||     1
